 Dungeon Crawl Stone Soup version 0.23.2 (webtiles) character file.

Game seed: 2118928842969393607

126 inika the Sneak (level 4, 0/31 HPs)
             Began as a Vampire Enchanter on Apr 8, 2019.
             Slain by an orc wizard
             ... wielding a +0 dagger
              (4 damage)
             ... on level 3 of the Dungeon.
             The game lasted 00:15:03 (1757 turns).

inika the Sneak (Vampire Enchanter)                 Turns: 1757, Time: 00:15:09

Health: 0/31       AC:  2    Str:  7    XL:     4   Next: 83%
Magic:  2/8        EV: 13    Int: 17    God:
Gold:   173        SH:  0    Dex: 15    Spells: 2/8 levels left

rFire    . . .     SeeInvis +   a - +2 dagger
rCold    . . .     Gourm    .   (no shield)
rNeg     . . .     Faith    .   b - +0 robe
rPois    .         Spirit   .   (no helmet)
rElec    .         Reflect  .   (no cloak)
rCorr    .         Harm     .   (no gloves)
MR       .....                  (no boots)
Stlth    ..........             (no amulet)
HPRegen  0.30/turn              j - ring of attention (curse)
MPRegen  0.11/turn              (no ring)

@: confused, regenerating quickly
A: fangs 3, see invisible, unbreathing
a: no special abilities


You were on level 3 of the Dungeon.
You were almost alive.

You visited 1 branch of the dungeon, and saw 3 of its levels.

You collected 173 gold pieces.

Inventory:

Hand Weapons
 a - a +2 dagger (weapon)
 g - a +2 short sword of distortion
Armour
 b - a +0 robe (worn)
Jewellery
 j - a cursed ring of attention (left hand)
Wands
 c - a wand of digging (4)
 k - a wand of flame (12)
Scrolls
 h - a scroll of enchant weapon
Potions
 d - a potion of blood
 e - a potion of cancellation {unknown}
 f - 3 potions of heal wounds {unknown}
 i - a potion of agility {unknown}


   Skills:
 + Level 0.7 Fighting
 + Level 2.1 Short Blades
 + Level 2.7 Dodging
 + Level 5.5 Stealth
 + Level 2.6 Spellcasting
 + Level 5.3 Hexes
 + Level 1.1 Ice Magic


You had 2 spell levels left.
You knew the following spells:

 Your Spells              Type           Power        Failure   Level  Hunger
a - Corona                Hex            ###....      1%          1    #......
b - Ensorcelled Hibernat  Hex/Ice        ##....       8%          2    ##.....
c - Confuse               Hex            ###.....     6%          3    ###....

Your spell library contained the following spells:

 Spells                   Type           Power        Failure   Level  Hunger
 Tukima's Dance           Hex            ###.....     6%          3    ###....
 Dazzling Spray           Conj/Hex       ##....       19%         3    ###....


Dungeon Overview and Level Annotations

Branches:
Dungeon (3/15)

Altars:


Innate Abilities, Weirdness & Mutations

Your natural rate of healing is unusually fast.
You have razor-sharp teeth.
You have supernaturally acute eyesight. (SInv)
You can survive without breathing.


Message History

Aiming: Ensorcelled Hibernation (safe; 8% risk of failure)
Press: ? - help, Shift-Dir - straight line, f/p - orc wizard
Aim: an orc wizard, wielding a +0 dagger and wearing a +0 robe (chance to defeat MR: 44%)
The orc wizard resists with some effort.
The orc wizard misses you. The orc barely misses you.
Casting: Ensorcelled Hibernation (safe; 8% risk of failure)
Confirm with . or Enter, or press ? or * to list all spells.
Aiming: Ensorcelled Hibernation (safe; 8% risk of failure)
Press: ? - help, Shift-Dir - straight line, f/p - orc wizard
Aim: an orc wizard, wielding a +0 dagger and wearing a +0 robe (chance to defeat MR: 44%)
The orc wizard resists with some effort.
The orc wizard casts a spell at you.
You are confused.
The orc hits you with a +0 war axe!
* * * LOW HITPOINT WARNING * * *
You're too confused to cast spells.
You hit the orc.
You kill the orc!
The orc wizard hits you with a +0 dagger.
You die...

##..... ..... #.
#.#.# #. #.#.###
###.# #.....#
#...< #.....##
#.... #r.....#
#.... #o)....#
####.... #@.....#
#.......
###.##.####...##.#
#...........##.#
####.####...##.#
#)#.........#
#[...........
####.........#
#.............
#.###.......##


You could see an orc wizard and a rat.

Vanquished Creatures
  An orc priest (D:3)
  3 adders
  2 worms (D:2)
  A dart slug (D:1)
  3 leopard geckos
  6 orcs (D:3)
  A ball python (D:1)
  7 bats
  2 giant cockroaches (D:1)
  3 hobgoblins
  3 jackals (D:2)
  2 kobolds
  A quokka (D:3)
  2 frilled lizards
  9 goblins
  3 rats
49 creatures vanquished.

Notes
Turn   | Place    | Note
-------+----------+-------------------------------------------
     0 | D:1      | inika the Vampire Enchanter began the quest for the Orb.
     0 | D:1      | Reached XP level 1. HP: 13/13 MP: 3/3
   117 | D:1      | Reached XP level 2. HP: 5/19 MP: 1/5
   209 | D:1      | Learned a level 2 spell: Ensorcelled Hibernation
   435 | D:1      | Reached skill level 5 in Hexes
   607 | D:1      | Reached XP level 3. HP: 20/24 MP: 6/6
   612 | D:1      | Learned a level 3 spell: Confuse
  1200 | D:2      | Reached skill level 5 in Stealth
  1263 | D:2      | Reached skill level 1 in Ice Magic
  1263 | D:2      | Reached XP level 4. HP: 26/30 MP: 7/7
  1757 | D:3      | Slain by an orc wizard

Skill      XL: |  1  2  3  4 |
---------------+-------------+-----
Hexes          | 5 |  5.3
Stealth        | 5 |  5.5
Ice Magic      | 1 |  1.1
Short Blades   | 2 |  2.1
Fighting       | |  0.7
Dodging        | |  2.7
Spellcasting   | |  2.6

Action                   |  1- 3 |  4- 6 || total
-------------------------+-------+-------++-------
Melee: Dagger            |   120 |    39 ||   159
       Bite              |     9 |     3 ||    12
 Cast: Corona            |     7 |       ||     7
       Ensorcelled Hiber |    15 |    10 ||    25
       Confuse           |     1 |       ||     1
  Use: Scroll            |     3 |     1 ||     4
 Stab: Sleeping          |    19 |     6 ||    25
  Eat: Corpse            |    13 |     3 ||    16
Armor: Robe              |    61 |     2 ||    63
Dodge: Dodged            |   146 |    25 ||   171
